 Dungeon Crawl Stone Soup version 0.30-a0-672-gc3a7216ad8 (webtiles) character file.

Game seed: 727485908304940501

12341 Dittersdorf the Blocker (level 11, -20/73 HPs)
             Began as a Gargoyle Fighter on Jan 18, 2023.
             Was a High Priest of Okawaru.
             Demolished by an ogre
             ... wielding a +0 giant club
              (24 damage)
             ... on level 1 of the Orcish Mines.
             The game lasted 00:17:27 (8808 turns).

Dittersdorf the Blocker (Gargoyle Fighter)          Turns: 8808, Time: 00:17:27

Health: -20/73     AC: 23    Str: 25    XL:     11   Next: 91%
Magic:  11/11      EV:  8    Int:  8    God:    Okawaru [*****.]
Gold:   499        SH:  7    Dex: 15    Spells: 10/10 levels left

rFire   . . .      SeeInvis .    z - +7 mace of Currency {drain, rPois rN+}
rCold   . . .      Faith    .    c - +0 buckler
rNeg    + + .      Spirit   .    q - +1 chain mail
rPois   ∞          Reflect  .    (no helmet)
rElec   +          Harm     .    E - +0 cloak {rPois}
rCorr   +          Rampage  .    (no gloves)
Will    .....                    n - +0 pair of boots Stlth
                                 u - amulet of regeneration
HPRegen 1.12/turn                B - ring of resist corrosion
MPRegen 0.12/turn                o - +6 ring of dexterity

@: studying Shields
A: sickness immunity, AC +8, negative energy resistance 1, electricity
resistance, torment resistance 1, petrification resistance
a: Renounce Religion, Heroism, Finesse, Duel


You were on level 1 of the Orcish Mines.
You worshipped Okawaru.
Okawaru was extremely pleased with you.
You visited 3 branches of the dungeon, and saw 13 of its levels.
You also visited: Ossuary.

You collected 581 gold pieces.
You spent 82 gold pieces at shops.

Inventory:

Hand Weapons
 z - the +7 mace of Currency (weapon) {drain, rPois rN+}
   (You found it on level 6 of the Dungeon)

   rPois:     It protects you from poison.
   rN:        It protects you from negative energy.
 C - a +5 morningstar
Missiles
 p - 9 curare-tipped darts (quivered)
 r - 2 throwing nets
Armour
 c - a +0 buckler (worn)
 n - a +0 pair of boots (worn)
 q - a +1 chain mail (worn)
 s - a +0 plate armour
 E - a +0 cloak of poison resistance (worn)
Jewellery
 o - a +6 ring of dexterity (right hand)
 u - an amulet of regeneration (around neck)
 B - a ring of resist corrosion (left hand)
 F - a ring of fire
Wands
 g - a wand of flame (28)
 t - a wand of roots (16)
Scrolls
 f - a scroll of magic mapping
 i - 5 scrolls of enchant weapon
 j - 2 scrolls of fear
 l - a scroll of brand weapon
 m - 8 scrolls of teleportation
 v - 2 scrolls of blinking
 x - a scroll of enchant armour
 y - 4 scrolls of fog
Potions
 a - 4 potions of ambrosia
 b - a potion of might
 d - 3 potions of berserk rage
 e - 2 potions of curing
 h - a potion of resistance
 k - 6 potions of heal wounds
 w - a potion of flight
 A - 2 potions of brilliance
 D - a potion of mutation


   Skills:
 + Level 10.8 Fighting
 + Level 9.7 Maces & Flails
 + Level 10.8 Armour
 + Level 12.9 Shields


You had 10 spell levels left.
You didn't know any spells.
Your spell library contained the following spells:

 Spells                   Type           Power      Damage    Failure   Level
 Poisonous Vapours        Pois/Air       0%         N/A       98%         2
 Frozen Ramparts          Ice            0%         1d1       100%        3
 Inner Flame              Hex/Fire       0%         N/A       100%        3
 Mephitic Cloud           Conj/Pois/Air  0%         N/A       100%        3
 Flame Wave               Conj/Fire      0%         2d4       100%        4
 Ice Form                 Ice/Tmut       0%         N/A       100%        4
 Sticky Flame             Conj/Fire      0%         2d3       100%        4
 Cigotuvi's Dreadful Rot  Necr/Pois/Air  Unusable   N/A       N/A         2
 Summon Ice Beast         Ice/Summ       Unusable   N/A       N/A         4

Dungeon Overview and Level Annotations

Branches:
Dungeon (10/15)            Temple (1/1) D:5             Orc (2/2) D:9
Ossuary (visited)
   Lair: D:8-11         Elf: Orc:2

Altars:
Ashenzari
Cheibriados
Dithmenos
Fedhas
Gozag
Hepliaklqana
Kikubaaqudgha
Makhleb
Nemelex Xobeh
Okawaru
Qazlal
Trog
Vehumet
Yredelemnul

Shops:
D:4 :?   Orc:1 (


Innate Abilities, Weirdness & Mutations

You are immune to sickness and miasma.
Your stone body is resilient. (AC +8)
You are immune to poison.
You resist negative energy. (rN+)
You are resistant to electric shocks. (rElec)
You are resistant to unholy torment.
You are immune to petrification.


Message History

You block the two-headed ogre's attack. The two-headed ogre barely misses you.
You block the gnoll's attack.
There is a stone staircase leading up here.
The orc warrior shoots a bolt.
The bolt barely misses you.
The bolt hits the gnoll!
The two-headed ogre hits you with a +0 giant club.
You block the two-headed ogre's attack. The ogre barely misses you.
The gnoll closely misses you.
You climb upwards.
There is a stone staircase leading down here.
You sock the two-headed ogre! You drain the two-headed ogre.
The two-headed ogre is moderately wounded.
You barely miss the two-headed ogre.
The two-headed ogre is moderately wounded.
You block the ogre's attack.
The two-headed ogre hits you but does no damage.
The two-headed ogre barely misses you.
You hit the two-headed ogre.
The two-headed ogre is moderately wounded.
The ogre hits you with a +0 giant club! The two-headed ogre barely misses you.
The two-headed ogre hits you with a +0 giant club.
You sock the two-headed ogre!
The two-headed ogre is heavily wounded.
You bludgeon the two-headed ogre!!
The two-headed ogre is severely wounded.
The ogre hits you with a +0 giant club!
The two-headed ogre hits you but does no damage. x2
You sock the two-headed ogre! You drain the two-headed ogre.
The two-headed ogre is almost dead.
The ogre hits you with a +0 giant club!!
* * * LOW HITPOINT WARNING * * *
The two-headed ogre hits you with a +0 giant club.
* * * LOW HITPOINT WARNING * * *
The two-headed ogre hits you but does no damage.
You hit the two-headed ogre. You drain the two-headed ogre.
You kill the two-headed ogre!
Okawaru is honoured by your kill.
You closely miss the ogre.
The ogre hits you with a +0 giant club!!
You die...

##............###
#.....∩.>.8.....#
##.##.##.......##
#####.#......##
#.#.........#
##...#..#...##
###.......#.###
#).)......###
#)@[.#.....#
#[O..#....##
##.#....###
####...# #.#.##
#####


You could see an ogre.

Vanquished Creatures
  Jorgrun (Orc:1)
  A two-headed ogre (Orc:1)
  The ghost of KryptKrawler the Cleaver, a novice HOMo of Beogh (D:6)
  An orc knight (D:9)
  The ghost of benadryl the Basher, a novice BaWn of Hepliaklqana (D:5)
  An unseen horror skeleton (D:6)
  2 trolls (D:9)
  Sigmund (D:4)
  20 yaks
  A wraith (D:10)
  A wyvern (D:8)
  A steam dragon (D:9)
  3 wargs
  2 acid dragons
  A water moccasin (D:8)
  2 black bears (D:6)
  4 orc warriors
  2 ogres (Orc:1)
  4 centaurs (D:10)
  A phantom (D:4)
  3 kobold brigands
  A bullfrog (D:7)
  2 gnoll sergeants (D:10)
  3 necrophages
  4 scorpions
  12 wights
  A howler monkey (D:10)
  8 killer bees
  A centaur zombie (D:6)
  5 jellies
  5 orc priests
  A gnoll bouda (D:9)
  2 hounds (D:5)
  Jessica (D:2)
  Ijyb (D:3)
  5 iguanas
  11 orc wizards
  A centaur simulacrum (D:6)
  14 mummies (Ossuary)
  7 adders
  12 gnolls
  A shadow imp (D:6)
  A white imp (D:6)
  A howler monkey simulacrum (D:6)
  An ufetubus (D:6)
  4 worms
  4 dart slugs
  24 orcs
  4 ball pythons
  3 endoplasms
  3 giant cockroaches
  5 goblins
  2 hobgoblins
  4 jackals (D:1)
  3 quokkas
  4 bats
  5 frilled lizards
  2 gnoll skeletons (Ossuary)
  2 goblin skeletons (Ossuary)
  19 kobolds
  2 kobold skeletons (Ossuary)
  2 orc skeletons (Ossuary)
  4 rats
  11 rat skeletons (Ossuary)
262 creatures vanquished.

Notes
Turn   | Place    | Note
-------+----------+-------------------------------------------
     0 | D:1      | Dittersdorf the Gargoyle Fighter began the quest for the
                  | Orb.
     0 | D:1      | Reached XP level 1. HP: 14/14 MP: 1/1
    22 | D:1      | Reached XP level 2. HP: 17/19 MP: 2/2
   367 | D:1      | Reached XP level 3. HP: 23/23 MP: 3/3
   471 | D:2      | Found a faded altar of an unknown god.
   703 | D:2      | Noticed Jessica
   715 | D:2      | Killed Jessica
   716 | D:2      | Reached skill level 4 in Shields
   716 | D:2      | Reached XP level 4. HP: 22/29 MP: 4/4
  1049 | D:2      | Reached XP level 5. HP: 31/33 MP: 5/5
  1774 | D:3      | Noticed Ijyb
  1781 | D:3      | Killed Ijyb
  1961 | D:3      | Found a burning altar of Makhleb.
  2067 | D:4      | Noticed a phantom
  2079 | D:4      | Killed a phantom
  2080 | D:4      | Reached XP level 6. HP: 37/39 MP: 6/6
  2133 | D:4      | Found Hash's Tremendous Tomes.
  2361 | D:4      | Noticed Sigmund
  2365 | D:4      | Killed Sigmund
  2366 | D:4      | Reached skill level 5 in Fighting
  2366 | D:4      | Reached skill level 5 in Armour
  2366 | D:4      | Reached skill level 5 in Shields
  2366 | D:4      | Reached XP level 7. HP: 43/44 MP: 7/7
  2466 | D:4      | Found Tirph's Magic Scroll Shoppe.
  2469 | D:4      | Bought a scroll of enchant weapon for 82 gold pieces
  2662 | D:5      | Entered Level 5 of the Dungeon
  2676 | D:5      | Found a staircase to the Ecumenical Temple.
  2685 | Temple   | Entered the Ecumenical Temple
  2709 | Temple   | Became a worshipper of Warmaster Okawaru
  2901 | D:5      | Found a runed translucent door.
  2939 | D:5      | Noticed benadryl's ghost (novice BaWn)
  2962 | D:5      | Reached XP level 8. HP: 50/51 MP: 8/8
  2991 | D:5      | Reached * piety under Okawaru
  2992 | D:5      | Reached skill level 6 in Shields
  3017 | D:5      | Reached skill level 5 in Maces & Flails
  3246 | D:5      | Killed benadryl's ghost
  3493 | D:6      | Found a broken altar of Ashenzari.
  3523 | D:6      | Reached XP level 9. HP: 56/56 MP: 9/9
  3541 | D:6      | Reached skill level 7 in Shields
  3709 | D:6      | Noticed KryptKrawler's ghost (novice HOMo)
  3882 | D:6      | Identified the +7 mace of Currency {drain, rPois rN+}
  3942 | D:6      | Reached ** piety under Okawaru
  4138 | D:6      | Found a runed translucent gate.
  4139 | D:6      | Found a runed translucent gate.
  4139 | D:6      | Found a runed translucent gate.
  4193 | D:6      | Killed KryptKrawler's ghost
  4318 | D:7      | Found a stormy altar of Qazlal.
  4570 | D:7      | Reached skill level 8 in Shields
  5197 | D:8      | Identified a scroll of acquirement
  5197 | D:8      | Acquired a manual of Shields
  5229 | D:8      | Found Tailis's Jewellery Boutique.
  5252 | D:8      | Found a sand-covered staircase.
  5257 | Ossuary  | Entered an ossuary
  5468 | Ossuary  | Reached *** piety under Okawaru
  5819 | D:8      | Reached XP level 10. HP: 62/64 MP: 10/10
  6052 | D:8      | Reached skill level 9 in Shields
  6662 | D:9      | Reached **** piety under Okawaru
  6772 | D:9      | Reached skill level 10 in Shields
  6960 | D:9      | Found a staircase to the Orcish Mines.
  7169 | D:9      | Reached ***** piety under Okawaru
  7261 | D:9      | Reached XP level 11. HP: 59/71 MP: 11/11
  7310 | D:9      | Reached skill level 11 in Shields
  7434 | D:10     | Entered Level 10 of the Dungeon
  7647 | D:10     | Received a gift from Okawaru
  7786 | D:10     | Identified the +8 rapier of Oozing Pus {drain, rC+ rN+
                  | Int-4}
  7962 | D:10     | Reached skill level 10 in Fighting
  7968 | D:10     | Reached skill level 10 in Armour
  8285 | Orc:1    | Entered Level 1 of the Orcish Mines
  8285 | Orc:1    | Noticed an orc knight
  8333 | D:9      | Reached skill level 12 in Shields
  8356 | D:9      | Killed an orc knight
  8463 | Orc:1    | Found Cyemud's Weapon Boutique.
  8491 | Orc:1    | Noticed Jorgrun
  8555 | Orc:1    | Killed Jorgrun
  8555 | Orc:1    | Received a gift from Okawaru
  8670 | Orc:2    | Entered Level 2 of the Orcish Mines
  8773 | Orc:2    | Noticed a two-headed ogre
  8806 | Orc:1    | HP: 2/73 [two-headed ogre/+0 giant club (4)]
  8807 | Orc:1    | Killed a two-headed ogre
  8808 | Orc:1    | Demolished by an ogre

Illustrated notes

Levels and vault maps discovered:
D:1:      ebering_hopf_link, layout_rooms
D:2:      layout_loops_ring, nicolae_ecumenical_pavilion, eino_tiny_chamber,
          uniq_jessica
D:3:      layout_basic, lemuel_crystal_altar, uniq_ijyb
D:4:      layout_basic, serial_shops, kennysheep_mini_moat,
          nicolae_shop_i_like_big_books, uniq_sigmund
D:5:      layout_rooms, minmay_temple_entry_mini_moons, ebering_ghost_sewer_d
D:6:      layout_loops_ring, mainiacjoe_overflow_catwalk,
          gammafunk_ghost_necromancy
D:7:      layout_basic, nicolae_qazlal_scattered_showers
D:8:      layout_basic, serial_shops, shop, enter_ossuary_2
D:9:      minmay_razor_zed, layout_irregular_city, orc_0_dummy
D:10:     layout_roguey, chequers_arboretum, item_on_display_a
Temple:   nicolae_temple_bog_church
Orc:1:    layout_diamond_mine, serial_shops, shop_statue, uniq_jorgrun,
          uniq_erolcha
Orc:2:    st_orc_ogre_mass, layout_caves, basic_altar

Skill      XL: |  1  2  3  4  5  6  7  8  9 10 11 |
---------------+----------------------------------+-----
Shields        | 4 5 6 8 10 12 | 12.9
Fighting       | 4 5 6 8 9 10 | 10.8
Armour         | 4 5 6 8 9 10 | 10.8
Maces & Flails | 3 4 5 7 8 9 |  9.7

Action                   |  1- 3 |  4- 6 |  7- 9 | 10-12 || total
-------------------------+-------+-------+-------+-------++-------
Melee: Flail             |   100 |    83 |       |       ||   183
       Morningstar       |       |    58 |   224 |       ||   282
       Mace              |       |       |   156 |   384 ||   540
Invok: Heroism           |       |       |     4 |     1 ||     5
  Use: Scroll            |       |     2 |    20 |     3 ||    25
       Potion            |       |     1 |       |       ||     1
Armor: Scale mail        |    52 |    66 |       |       ||   118
       Chain mail        |       |    10 |   213 |   239 ||   462
Dodge: Dodged            |    52 |    67 |   138 |   125 ||   382
Block: Buckler           |    27 |    36 |   106 |   121 ||   290

Table legend: (Time is in decaauts)
 A = Elapsed time spent in this place.
 B = Non-inter-level travel time spent in this place.
 C = Inter-level travel time spent in this place.
 D = Time resting spent in this place.
 E = Time spent auto-exploring this place.
 F = Levels seen in this place.
 G = Mean time per level.
                   A        B        C        D        E       F      G
               +--------+--------+--------+--------+--------+-----+--------+
         Total |   8975 |   8591 |    384 |    452 |   5807 |  14 |  641.1 |
       Dungeon |   8175 |   7819 |    356 |    382 |   5496 |  10 |  817.5 |
        Temple |     51 |     51 |      0 |      0 |      0 |   1 |   51.0 |
  Orcish Mines |    380 |    352 |     28 |     70 |    108 |   2 |  190.0 |
       Ossuary |    367 |    367 |      0 |      0 |    203 |   1 |  367.0 |
               +--------+--------+--------+--------+--------+-----+--------+

Top non-repeatable levels by time:
     D:9: 1259 daAuts
     D:6: 1013 daAuts
     D:7: 934 daAuts
     D:2: 847 daAuts
    D:10: 817 daAuts
     D:8: 797 daAuts
     D:3: 763 daAuts
     D:4: 629 daAuts
     D:5: 609 daAuts
     D:1: 504 daAuts
 Ossuary: 367 daAuts
   Orc:1: 343 daAuts
  Temple: 51 daAuts
   Orc:2: 36 daAuts
